 Dungeon Crawl Stone Soup version 0.21.1-1-g345015f (webtiles) character file.

50157 goulibeur the Schismatic (level 14, 0/114 HPs)
             Began as a Demonspawn Abyssal Knight on July 10, 2018.
             Was an Elder of Lugonu.
             Hit by a large rock thrown by a cyclops (19 damage)
             ... on level 12 of the Dungeon on July 11, 2018.
             The game lasted 01:50:05 (25000 turns).

goulibeur the Schismatic (DsAK)                    Turns: 25000, Time: 01:50:06

Health: 0/114      AC: 25    Str: 14    XL:     14   Next: 18%
Magic:  26/26      EV:  9    Int: 14    God:    Lugonu [****..]
Gold:   1207       SH:  2    Dex: 16    Spells: 13/13 levels left

rFire    . . .     SeeInvis +   a - +8 glaive of the Guard {elec, +Rage AC+5 SInv}
rCold    . . .     Gourm    .   (shield currently unavailable)
rNeg     . . .     Faith    .   m - +0 plate armour
rPois    +         Spirit   .   (helmet restricted)
rElec    .         Reflect  +   (no cloak)
rCorr    .         Harm     .   (gloves unavailable)
MR       +....                  (boots unavailable)
Stlth    ..........             v - +2 amulet of reflection
HPRegen  0.29/turn              k - +6 ring of protection
MPRegen  0.20/turn              y - ring of poison resistance

@: no status effects
A: claws 3, horns 2, talons 3, demonic guardian 1, spiny 2
a: Depart the Abyss, Bend Space, Banish, Corrupt, Renounce Religion, Evoke
Berserk Rage


You were on level 12 of the Dungeon.
You worshipped Lugonu.
Lugonu was greatly pleased with you.
You were not hungry.

You visited 2 branches of the dungeon, and saw 18 of its levels.
You visited the Abyss 1 time.
You also visited: Ossuary.

You collected 1207 gold pieces.

Inventory:

Hand Weapons
 a - the +8 glaive of the Guard (weapon) {elec, +Rage AC+5 SInv}
   (You found it on level 9 of the Dungeon)

   Occasionally, upon striking a foe, it will discharge some electrical energy
   and cause terrible harm.
   It affects your AC (+5).
   It lets you see invisible.
   It lets you go berserk.
 b - the +9 short sword "Uhocwah" {venom, +Fly rF++ rN+ Dex-2}
   (You found it on level 9 of the Dungeon)

   It poisons the flesh of those it strikes.
   It affects your dexterity (-2).
   It greatly protects you from fire.
   It protects you from negative energy.
   It lets you fly.
 S - a +3 trident
 W - a +1 war axe of chopping
Armour
 m - a +0 plate armour (worn)
Jewellery
 k - a +6 ring of protection (left claw)
 l - an uncursed ring of flight {unknown}
 v - a +2 amulet of reflection (around neck)
 y - a ring of poison resistance (right claw)
 D - an uncursed ring of resist corrosion
 G - the ring of the Tuna {Str+3 Stlth-}
   (You found it on level 3 of the Lair of Beasts)

   [ring of loudness]

   It affects your strength (+3).
   It makes you less stealthy.
 P - an uncursed ring of wizardry {unknown}
 U - an uncursed ring of magical power {unknown}
Wands
 x - a wand of polymorph (50)
 A - a wand of iceblast (16)
 C - a wand of enslavement (17)
 E - a wand of flame (100)
 H - a wand of disintegration (25)
 N - a wand of digging (19)
 V - a wand of acid (6)
 Z - a wand of scattershot (8)
Scrolls
 e - 10 scrolls of remove curse
 g - 2 scrolls of acquirement {unknown}
 h - 4 scrolls of fear {unknown}
 j - 3 scrolls of teleportation
 p - 3 scrolls of enchant weapon {unknown}
 q - 4 scrolls of fog {unknown}
 z - 5 scrolls of enchant armour {unknown}
 B - 4 scrolls of blinking {unknown}
 K - 2 scrolls of magic mapping {unknown}
 L - 8 scrolls of identify
 Q - 2 scrolls of holy word {unknown}
 T - a scroll of brand weapon {unknown}
 Y - 2 scrolls of noise {unknown}
Potions
 d - 2 potions of heal wounds
 f - 3 potions of brilliance {unknown}
 i - 9 potions of flight
 n - 7 potions of haste
 o - 4 potions of agility
 r - 3 potions of mutation
 t - 10 potions of curing
 u - 2 potions of lignification {unknown}
 F - 4 potions of resistance
 I - 2 potions of ambrosia
 J - 2 potions of berserk rage {unknown}
 M - 5 potions of magic {unknown}
 O - 7 potions of might {unknown}
 R - a potion of invisibility {unknown}
Books
 s - a book of Geomancy

   Spells                             Type                      Level
   a - Sandblast                      Earth                        1
   b - Passwall                       Transmutation/Earth          2
   c - Stone Arrow                    Conjuration/Earth            3
   d - Petrify                        Transmutation/Earth          4
   e - Lee's Rapid Deconstruction     Earth                        5
 w - a book of Air

   Spells                             Type                      Level
   a - Shock                          Conjuration/Air              1
   b - Swiftness                      Charms/Air                   2
   c - Static Discharge               Conjuration/Air              3
   d - Airstrike                      Air                          4
   e - Lightning Bolt                 Conjuration/Air              5
Comestibles
 c - 34 rations


   Skills:
 + Level 11.6 Fighting
 - Level 1.7 Short Blades
 + Level 10.5 Armour
 + Level 10.4 Dodging
 - Level 17.5 Invocations
 * Level 6.8 Evocations


You had 13 spell levels left.
You didn't know any spells.

Dungeon Overview and Level Annotations

Branches:
Dungeon (12/15)            Temple (0/1) D:4            Lair (6/6) D:11
  Swamp (0/4) Lair:2        Snake (0/4) Lair:4        Slime (0/5) Lair:6
    Orc (0/2) D:9

Altars:
Cheibriados
Hepliaklqana
Makhleb
Okawaru
Trog
Vehumet

Shops:
D:5 [

Annotations:
D:4 exclusion: oklob sapling


Innate Abilities, Weirdness & Mutations

You have claws for hands.
You have a pair of horns on your head.
You have claws for feet.
A weak demonic guardian rushes to your aid.
You are mostly covered in sharp spines.


Message History

The fire dragon is struck by your spines.
The fire dragon bites you but does no damage.
The fire dragon misses you. The fire dragon barely misses you.
The fire dragon breathes flames at you. The blast of flame hits you!
The bullfrog is struck by your spines. The bullfrog barely misses you.
The bullfrog zombie is struck by your spines.
The bullfrog zombie barely misses you.
You hear a bellow!
The fire dragon breathes flames at you. The blast of flame hits you!
The bullfrog is struck by your spines. The bullfrog barely misses you.
You hear a bellow!
The bullfrog barely misses you.
The bullfrog zombie hits you but does no damage.
The fire dragon breathes flames at you. The blast of flame hits you!
* * * LOW HITPOINT WARNING * * *
The cyclops throws a large rock.
The large rock hits you!!
You die...

..... ... ..... ...
...... ... .........
#.# .....)... #.#
.........##.# ######
.....C.....@# #....#
#.......#..F# #....#
##.....##DD.####....#
.....(...Z.Z#.......#
.......<....#.##....#
.................(<.#
...........)...######
...............#
.........##...##


You could see 2 fire dragons, a cyclops, a bullfrog, a bullfrog zombie and a
wyvern skeleton.

Vanquished Creatures
  2 hydras
  3 death yaks (D:10)
  The ghost of 2BAD the Basher, a novice DsFi of Okawaru (D:10)
  Urug (Lair:2)
  2 unseen horrors
  A lindwurm (Lair:4)
  3 cyclopes
  Joseph (D:8)
  6 black mambas
  9 spiny frogs
  A gargoyle (D:10)
  4 elephants (Lair:5)
  8 komodo dragons
  16 rime drakes (Lair:4)
  5 trolls
  A polar bear (Lair:6)
  Grinder (D:3)
  16 blink frogs
  8 hippogriffs
  4 dream sheep (Lair:5)
  A shadow (D:12)
  3 wyverns
  29 yaks
  A hungry ghost (D:9)
  2 basilisks
  3 steam dragons
  11 water moccasins
  7 porcupines
  4 sky beasts
  2 orc warriors
  2 ice beasts
  2 eyes of draining
  2 black bears
  A necrophage (D:10)
  6 ogres
  2 slaves (D:4)
  4 phantoms
  26 wolves
  9 crocodiles
  9 centaurs
  A big kobold (D:8)
  14 bullfrogs
  A wyvern zombie (D:10)
  A water moccasin zombie (D:7)
  Dowan (D:5)
  2 scorpions
  11 killer bees
  4 wights (D:8)
  2 electric eels
  7 howler monkeys
  8 crimson imps
  A centaur zombie (D:7)
  A quasit (D:10)
  2 bullfrog zombies
  5 hounds
  2 human zombies (Ossuary)
  A jelly (D:5)
  8 orc priests
  A gnoll shaman (D:10)
  5 orc wizards
  4 iguanas
  8 worker ants
  4 big kobold zombies (Ossuary)
  6 ogre zombies (D:9)
  A hound zombie (D:6)
  2 mummies (Ossuary)
  13 gnolls
  A worker ant zombie (D:7)
  15 adders
  3 shadow imps
  2 oozes
  2 adder zombies (Ossuary)
  An adder skeleton (D:4)
  4 worms
  4 leopard geckos
  31 orcs
  6 giant cockroaches
  10 goblins
  6 hobgoblins
  9 jackals
  7 quokkas
  5 ball pythons
  11 bats
  4 frilled lizards
  5 goblin zombies (D:9)
  10 hobgoblin zombies (Ossuary)
  12 kobolds
  9 kobold zombies (Ossuary)
  A leopard gecko zombie (D:5)
  2 orc skeletons (D:9)
  19 orc zombies
  A quokka skeleton (D:6)
  7 rats
  A rat zombie (Ossuary)
  A plant (Lair:2)
524 creatures vanquished.

Vanquished Creatures (collateral kills)
  A hydra (Lair:5)
  Pikel (D:4)
  A black mamba (Lair:3)
  2 rime drakes (Lair:4)
  A komodo dragon (Lair:1)
  Prince Ribbit (D:7)
  2 blink frogs
  2 yaks
  Grum (D:8)
  2 slaves (D:4)
  Duvessa (D:5)
  A phantom (D:7)
  2 centaurs
  A crocodile (Lair:4)
  A big kobold (D:10)
  A bullfrog (D:12)
  An adder skeleton (D:4)
  7 orcs
  2 giant cockroaches
  An orc zombie (Ossuary)
  A butterfly (Lair:6)
  A fungus (Lair:6)
34 creatures vanquished.

Vanquished Creatures (others)
  A fire dragon (Lair:4)
  The ghost of Thomus the Cleaver, a novice MiBe of Trog (D:8)
  2 ugly things
  A manticore (D:12)
  The ghost of Bnni the Destroyer, a novice OpCj of Vehumet (D:6)
  7 oklob plants
  An elephant (Lair:4)
  The ghost of 2BAD the Cudgeler, a novice DsFi (D:5)
  A freezing wraith (D:12)
  A komodo dragon (Lair:1)
  A wraith (D:9)
  7 fungi
  5 plants
30 creatures vanquished.

Grand Total: 588 creatures vanquished

Notes
Turn   | Place    | Note
-------+----------+-------------------------------------------
     0 | Abyss:1  | goulibeur the Demonspawn Abyssal Knight began the quest for the Orb.
     0 | Abyss:1  | Reached XP level 1. HP: 18/18 MP: 2/2
    26 | Abyss:1  | Found a radiant altar of Vehumet.
    74 | Abyss:1  | Noticed a starcursed mass
    75 | D:1      | Escaped the Abyss
   110 | D:1      | Reached skill level 1 in Dodging
   167 | D:1      | Reached * piety under Lugonu
   167 | D:1      | Gained mutation: You are partially covered in sharp spines. [demonic ancestry]
   167 | D:1      | Reached XP level 2. HP: 8/24 MP: 4/4
   198 | D:1      | Reached skill level 3 in Invocations
   915 | D:2      | Gained mutation: You have a pair of small horns on your head. [demonic ancestry]
   915 | D:2      | Reached XP level 3. HP: 28/29 MP: 5/5
  1069 | D:2      | Found a faded altar of an unknown god.
  1308 | D:2      | Reached skill level 4 in Invocations
  1308 | D:2      | Gained mutation: A weak demonic guardian rushes to your aid. [demonic ancestry]
  1308 | D:2      | Reached XP level 4. HP: 25/35 MP: 5/7
  1860 | D:3      | Gained mutation: You have sharp fingernails. [demonic ancestry]
  1860 | D:3      | Reached XP level 5. HP: 41/42 MP: 8/8
  1918 | D:3      | Reached ** piety under Lugonu
  2013 | D:3      | Reached skill level 5 in Invocations
  2609 | D:3      | Noticed Grinder
  2609 | D:3      | Paralysed by Grinder for 5 turns
  2625 | D:3      | Killed Grinder
  2625 | D:3      | Reached skill level 6 in Invocations
  2625 | D:3      | Gained mutation: You have a pair of horns on your head. [demonic ancestry]
  2625 | D:3      | Reached XP level 6. HP: 48/48 MP: 8/10
  2890 | D:4      | Found Rosiuvea's Assorted Antiques.
  2932 | D:4      | Found a staircase to the Ecumenical Temple.
  3205 | D:4      | Gained mutation: You have very sharp fingernails. [demonic ancestry]
  3205 | D:4      | Reached XP level 7. HP: 52/55 MP: 11/11
  3278 | D:4      | Found a hazy altar of Hepliaklqana.
  3348 | D:4      | Noticed Pikel
  3385 | D:4      | Killed Pikel
  3385 | D:4      | Reached *** piety under Lugonu
  3385 | D:4      | Reached skill level 5 in Fighting
  3385 | D:4      | Reached skill level 7 in Invocations
  3988 | D:5      | Entered Level 5 of the Dungeon
  4097 | D:5      | Reached skill level 8 in Invocations
  4097 | D:5      | Gained mutation: You have sharp toenails. [demonic ancestry]
  4097 | D:5      | Reached XP level 8. HP: 52/62 MP: 12/14
  4193 | D:5      | Found Boosch's Antique Armour Shoppe.
  4312 | D:5      | Noticed Duvessa
  4312 | D:5      | Noticed Dowan
  4318 | D:5      | Noticed 2BAD's ghost (novice DsFi)
  4322 | D:5      | Killed Dowan
  4331 | D:5      | Killed Duvessa
  4332 | D:5      | Banished 2BAD's ghost
  4332 | D:5      | Reached skill level 9 in Invocations
  4881 | D:5      | Found a bloodstained altar of Trog.
  5055 | D:6      | Noticed Bnni's ghost (novice OpCj)
  5084 | D:6      | Banished Bnni's ghost
  5084 | D:6      | Reached skill level 5 in Armour
  5203 | D:6      | Reached XP level 9. HP: 46/69 MP: 16/16
  5222 | D:6      | Reached skill level 10 in Invocations
  5612 | D:6      | Found a radiant altar of Vehumet.
  5760 | D:7      | Reached skill level 5 in Dodging
  6541 | D:7      | Reached **** piety under Lugonu
  6541 | D:7      | Reached skill level 11 in Invocations
  6633 | D:7      | Found an iron altar of Okawaru.
  7028 | D:8      | Noticed Grum
  7029 | D:8      | Noticed Thomus's ghost (novice MiBe)
  7206 | D:7      | Noticed Prince Ribbit
  7210 | D:7      | Killed Prince Ribbit
  7233 | D:8      | Found a sand-covered staircase.
  7244 | Ossuary  | Entered an ossuary
  7633 | Ossuary  | Reached ***** piety under Lugonu
  7906 | D:8      | Banished Thomus's ghost
  7906 | D:8      | Reached skill level 12 in Invocations
  7906 | D:8      | Reached XP level 10. HP: 35/79 MP: 17/19
  8109 | D:8      | Killed Grum
  8663 | D:8      | Noticed Joseph
  8687 | D:8      | Killed Joseph
  9030 | D:8      | Killed an unseen horror
  9274 | D:8      | Noticed a fire dragon
  9276 | D:8      | Banished a fire dragon
  9276 | D:8      | Reached skill level 13 in Invocations
  9984 | D:9      | Found a staircase to the Orcish Mines.
 10287 | D:9      | Found the +8 glaive of the Guard {elec, +Rage AC+5 SInv}
 10462 | D:9      | Got a steaming short sword
 10893 | D:9      | Gained mutation: You are mostly covered in sharp spines. [demonic ancestry]
 10893 | D:9      | Reached XP level 11. HP: 86/86 MP: 21/21
 10924 | D:9      | Found a burning altar of Makhleb.
 10928 | D:9      | Found a snail-covered altar of Cheibriados.
 11068 | D:9      | Identified the +9 short sword "Uhocwah" {venom, +Fly rF++ rN+ Dex-2} (You found it on level 9 of the Dungeon)
 11142 | D:10     | Entered Level 10 of the Dungeon
 11142 | D:10     | Noticed 2BAD's ghost (novice DsFi)
 11150 | D:10     | Killed 2BAD's ghost
 11465 | D:10     | Reached skill level 14 in Invocations
 11897 | D:10     | Noticed an unseen horror
 11905 | D:10     | Killed an unseen horror
 12153 | D:11     | Noticed a white ugly thing
 12160 | D:11     | Banished a white ugly thing
 12487 | D:11     | Noticed a death yak
 12488 | D:11     | Noticed a death yak
 12496 | D:11     | Noticed a death yak
 12519 | D:10     | Killed a death yak
 12864 | D:10     | Killed a death yak
 13213 | D:10     | Killed a death yak
 13367 | D:10     | Reached skill level 15 in Invocations
 13711 | D:11     | Noticed a red ugly thing
 13716 | D:11     | Banished a red ugly thing
 13980 | D:11     | Found a staircase to the Lair.
 14889 | D:12     | Gained mutation: You have razor-sharp toenails. [demonic ancestry]
 14889 | D:12     | Reached XP level 12. HP: 85/96 MP: 23/23
 15150 | D:12     | Noticed a fire dragon
 15318 | Lair:1   | Entered Level 1 of the Lair of Beasts
 15399 | Lair:1   | Reached skill level 16 in Invocations
 15949 | Lair:1   | Reached skill level 10 in Fighting
 16762 | Lair:2   | Noticed Urug
 16777 | Lair:2   | Killed Urug
 17270 | Lair:2   | Found a staircase to the Swamp.
 17553 | Lair:3   | Got a twitching pewter ring
 17839 | Lair:3   | Reached skill level 17 in Invocations
 18243 | Lair:4   | Found a staircase to the Snake Pit.
 18450 | Lair:4   | Noticed a seven-headed hydra
 18454 | Lair:3   | Killed a nine-headed hydra
 18454 | Lair:3   | Gained mutation: You have claws for hands. [demonic ancestry]
 18454 | Lair:3   | Reached XP level 13. HP: 62/104 MP: 25/25
 18456 | Lair:3   | Identified the ring of the Tuna {Str+3 Stlth-} (You found it on level 3 of the Lair of Beasts)
 18696 | Lair:4   | HP: 2/104 [rime drake/flash freeze (23)]
 19296 | Lair:4   | Noticed a fire dragon
 19848 | Lair:4   | Reached skill level 1 in Evocations
 19936 | Lair:4   | Banished a fire dragon
 21116 | Lair:5   | Reached skill level 10 in Armour
 21675 | Lair:5   | Reached skill level 10 in Dodging
 21836 | Lair:5   | Reached skill level 5 in Evocations
 22338 | Lair:6   | Entered Level 6 of the Lair of Beasts
 22729 | Lair:6   | Gained mutation: You have claws for feet. [demonic ancestry]
 22729 | Lair:6   | Reached XP level 14. HP: 74/113 MP: 26/26
 23266 | Lair:6   | Found a staircase to the Slime Pits.
 25000 | D:12     | Hit by a large rock thrown by a cyclops

Skill      XL: |  1  2  3  4  5  6  7  8  9 10 11 12 13 |
---------------+----------------------------------------+-----
Dodging        | 1 2 3 4 5 7 8 9 10 | 10.4
Invocations    | 3 4 6 8 9 12 13 15 17 | 17.5
Armour         | 2 3 4 5 6 7 8 9 10 | 10.5
Fighting       | 4 5 6 7 8 9 10 11 | 11.6
Evocations     | 6 |  6.8
Short Blades   | |  1.7

Action                   |  1- 3 |  4- 6 |  7- 9 | 10-12 | 13-15 || total
-------------------------+-------+-------+-------+-------+-------++-------
Melee: Short sword       |    93 |   125 |   390 |    47 |       ||   655
       Headbutt          |     3 |    22 |    86 |   103 |    65 ||   279
       Kick              |       |       |    93 |   154 |    85 ||   332
       Trident           |       |       |       |   129 |       ||   129
       Glaive            |       |       |       |   340 |   271 ||   611
Invok: Depart the Abyss  |     1 |       |       |       |       ||     1
       Banish            |       |       |     2 |    17 |    14 ||    33
  Use: Scroll            |       |       |    11 |     2 |       ||    13
       Potion            |       |       |       |       |     1 ||     1
 Stab: Distracted        |       |       |     2 |     5 |     1 ||     8
  Eat: Chunk             |     1 |     6 |    10 |    29 |    17 ||    63
       Ration            |       |       |     2 |     3 |     3 ||     8
Armor: Leather armour    |    13 |       |       |       |       ||    13
       Ring mail         |    33 |    47 |    24 |       |       ||   104
       Chain mail        |       |       |   211 |   132 |       ||   343
       Plate armour      |       |       |       |   331 |   331 ||   662
Dodge: Dodged            |    42 |    65 |   153 |   223 |   159 ||   642
Block: Other             |       |       |       |    31 |    27 ||    58
       Reflection        |       |       |       |       |     1 ||     1
